3L
TOLEDO STINGERS @ PANAMA CITY PIRANHAS
09/18/2039
 
TOP OF THE 1ST
Toledo Stingers batting - Pitching for Panama City Piranhas : RHP Román Mejía
Pitching: RHP Román Mejía
Batting: RHB Jesús Morán 0-0: Foul Ball, location: 2F
0-1: Ball
1-1: Ball
2-1: Hit by Pitch
Batting: RHB Alfredo Martínez 0-0: Called Strike
0-1: Swinging Strike
0-2: Ball
1-2: Ball
2-2: Fly out, F3 (Popup, 3S, EV 83.1 MPH)
Batting: LHB Pedro Serano 0-0: Ball
1-0: Ball
2-0: Called Strike
2-1: SINGLE (Line Drive, 78S, EV 89.4 MPH)
Jesús Morán to second
Batting: RHB Brook Linen 0-0: Called Strike
0-1: Ball
Pedro Serano is caught stealing 2nd base 2-4
Jesús Morán steals 3rd base
1-1: Ball
2-1: Swinging Strike
2-2: Foul Ball, location: 2F
2-2: Fly out, F2 (Popup, 5SF, EV 80.0 MPH)
Top of the 1st over - 0 runs, 1 hit, 0 errors, 1 left on base; Toledo 0 - Panama City 0
BOTTOM OF THE 1ST
Panama City Piranhas batting - Pitching for Toledo Stingers : LHP Jeremy Parker
Pitching: LHP Jeremy Parker
Batting: RHB Silvio Bonauiti 0-0: Ball
1-0: Ball
2-0: Called Strike
2-1: Foul Ball, location: 2F
2-2: Ball
3-2: Ground out 4-3 (Groundball, 4S, EV 78.8 MPH)
Batting: RHB Kieran Hansen 0-0: Ball
1-0: Swinging Strike
1-1: Ball
2-1: Ball
3-1: Swinging Strike
3-2: Ground out U3 (Groundball, 3, EV 85.0 MPH)
Batting: RHB António Mendoza 0-0: Ball
1-0: Foul Ball, location: 2F
1-1: Foul Ball, location: 2F
1-2: Foul Ball, location: 2F
1-2: Fly out, F8 (Flyball, 78S, EV 86.9 MPH)
Bottom of the 1st over - 0 runs, 0 hits, 0 errors, 0 left on base; Toledo 0 - Panama City 0
TOP OF THE 2ND
Toledo Stingers batting - Pitching for Panama City Piranhas : RHP Román Mejía
Batting: LHB Dan Hines 0-0: SINGLE (Groundball, 34D, EV 96.2 MPH)
Batting: SHB Adam Clements 0-0: Called Strike
0-1: Hit by Pitch
Dan Hines to second
Batting: RHB Sze Qi 0-0: Foul Ball, location: 2F
0-1: Foul Ball, location: 2F
0-2: Foul Ball, location: 2F
0-2: Ball
1-2: Ball
2-2: Ball
3-2: Foul Ball, location: 2F
3-2: Foul Ball, location: 2F
3-2: Grounds into double play, 5-4-3 (Groundball, 5, EV 81.2 MPH)
Dan Hines to third
Batting: LHB Snow Wang 0-0: Ball
1-0: Fly out, F4 (Line Drive, 4, EV 69.4 MPH)
Top of the 2nd over - 0 runs, 1 hit, 0 errors, 1 left on base; Toledo 0 - Panama City 0
BOTTOM OF THE 2ND
Panama City Piranhas batting - Pitching for Toledo Stingers : LHP Jeremy Parker
Batting: SHB Ben Boston 0-0: Ball
1-0: Ball
2-0: Ball
3-0: Called Strike
3-1: Foul Ball, location: 2F
3-2: DOUBLE (Line Drive, 7LM, EV 114.4 MPH)
Batting: LHB José Ocasio 0-0: Called Strike
0-1: Ground out U3 (Groundball, 3L, EV 85.0 MPH)
Ben Boston to third
Batting: RHB Craig Tricket 0-0: Called Strike
0-1: Called Strike
0-2: Ground out 4-3 (Groundball, 4, EV 87.5 MPH)
Ben Boston scores
Batting: RHB Chrysler Rodriguez 0-0: Ball
1-0: Ball
2-0: DOUBLE (Groundball, 3L, EV 102.5 MPH)
Batting: RHB Rodney Clancy 0-0: Ball
1-0: Foul Ball, location: 2F
1-1: Ground out 5-3 (Groundball, 5L, EV 103.8 MPH)
Bottom of the 2nd over - 1 run, 2 hits, 0 errors, 1 left on base; Toledo 0 - Panama City 1
TOP OF THE 3RD
Toledo Stingers batting - Pitching for Panama City Piranhas : RHP Román Mejía
Batting: LHB Joe Clark 0-0: Swinging Strike
0-1: Called Strike
0-2: Foul Ball, location: 2F
0-2: Ball
1-2: Foul Ball, location: 2F
1-2: Foul Ball, location: 2F
1-2: Ground out U3 (Groundball, 3, EV 85.0 MPH)
Batting: RHB Jesús Morán 0-0: Ball
1-0: Called Strike
1-1: Called Strike
1-2: Strikes out swinging
Batting: RHB Alfredo Martínez 0-0: Called Strike
0-1: SINGLE (Groundball, 56D, EV 95.6 MPH)
Batting: LHB Pedro Serano 0-0: Ball
Alfredo Martínez steals 2nd base
1-0: Ball
2-0: Ball
3-0: Called Strike
3-1: Called Strike
3-2: Ground out 4-3 (Groundball, 4, EV 82.5 MPH)
Top of the 3rd over - 0 runs, 1 hit, 0 errors, 1 left on base; Toledo 0 - Panama City 1
BOTTOM OF THE 3RD
Panama City Piranhas batting - Pitching for Toledo Stingers : LHP Jeremy Parker
Batting: LHB King Rutledge 0-0: Called Strike
0-1: Ball
1-1: Foul Ball, location: 2F
1-2: DOUBLE (Line Drive, 7LS, EV 93.8 MPH)
Batting: RHB Silvio Bonauiti 0-0: Ball
1-0: Fly out, F8 (Flyball, 8RS, EV 89.4 MPH)
Batting: RHB Kieran Hansen 0-0: Called Strike
0-1: Foul Ball, location: 2F
0-2: Ball
1-2: Foul Ball, location: 2F
1-2: Foul Ball, location: 2F
1-2: Foul Ball, location: 2F
1-2: Ball
2-2: SINGLE (Line Drive, 4D, EV 98.1 MPH)
King Rutledge to third
Runner from 3rd tries for Home, throw by RF and OUT! 9-2
Batting: RHB António Mendoza 0-0: Called Strike
0-1: Called Strike
0-2: Reached on error, E7 (Flyball, 7, EV 76.9 MPH)
Kieran Hansen to third
Batting: SHB Ben Boston 0-0: Ball
1-0: Called Strike
1-1: Foul Ball, location: 2F
1-2: Foul Ball, location: 2F
1-2: Ball
2-2: Ball
3-2: Fly out, F4 (Popup, 4M, EV 73.8 MPH)
Bottom of the 3rd over - 0 runs, 2 hits, 1 error, 2 left on base; Toledo 0 - Panama City 1
TOP OF THE 4TH
Toledo Stingers batting - Pitching for Panama City Piranhas : RHP Román Mejía
Batting: RHB Brook Linen 0-0: Foul Ball, location: 2F
0-1: Ball
1-1: Foul Ball, location: 2F
1-2: Ground out 5-3 (Groundball, 5S, EV 63.8 MPH)
Batting: LHB Dan Hines 0-0: Ball
1-0: Foul Ball, location: 2F
1-1: Foul Ball, location: 2F
1-2: Foul Ball, location: 2F
1-2: Foul Ball, location: 2F
1-2: SOLO HOME RUN (Flyball, 7LD, EV 95.0 MPH), Distance : 338 ft
Batting: SHB Adam Clements 0-0: Ground out 4-3 (Groundball, 34, EV 104.4 MPH)
Batting: RHB Sze Qi 0-0: Called Strike
0-1: Swinging Strike
0-2: Ball
1-2: Strikes out swinging
Top of the 4th over - 1 run, 1 hit, 0 errors, 0 left on base; Toledo 1 - Panama City 1
BOTTOM OF THE 4TH
Panama City Piranhas batting - Pitching for Toledo Stingers : LHP Jeremy Parker
Batting: LHB José Ocasio 0-0: Swinging Strike
0-1: Ball
1-1: Ground out 4-3 (Groundball, 4, EV 89.4 MPH)
Batting: RHB Craig Tricket 0-0: Ground out 5-3 (Groundball, 56, EV 85.6 MPH)
Batting: RHB Chrysler Rodriguez 0-0: Called Strike
0-1: Ball
1-1: Ground out 6-3 (Groundball, 6M, EV 81.2 MPH)
Bottom of the 4th over - 0 runs, 0 hits, 0 errors, 0 left on base; Toledo 1 - Panama City 1
TOP OF THE 5TH
Toledo Stingers batting - Pitching for Panama City Piranhas : RHP Román Mejía
Batting: LHB Snow Wang 0-0: Ball
1-0: Called Strike
1-1: Ball
2-1: Ball
3-1: Base on Balls
Batting: LHB Joe Clark 0-0: Bunted foul
0-1: Sac Bunt to 13S - play at first, batter OUT! 1-4
Snow Wang to second
Batting: RHB Jesús Morán 0-0: Called Strike
0-1: Foul Ball, location: 2F
0-2: Ball
1-2: Ground out 6-3 (Groundball, 6, EV 91.9 MPH)
Batting: RHB Alfredo Martínez 0-0: Ball
Wild Pitch!
Snow Wang to third
1-0: Called Strike
1-1: Swinging Strike
1-2: Ball
2-2: Foul Ball, location: 2F
2-2: Ball
3-2: 2-RUN HOME RUN (Flyball, 8LXD, EV 95.6 MPH), Distance : 426 ft
Batting: LHB Pedro Serano 0-0: Called Strike
0-1: Ball
1-1: Ball
2-1: Foul Ball, location: 2F
2-2: Fly out, F8 (Flyball, 8RM, EV 91.9 MPH)
Top of the 5th over - 2 runs, 1 hit, 0 errors, 0 left on base; Toledo 3 - Panama City 1
BOTTOM OF THE 5TH
Panama City Piranhas batting - Pitching for Toledo Stingers : LHP Jeremy Parker
Batting: RHB Rodney Clancy 0-0: Called Strike
0-1: Ball
1-1: Ball
2-1: Foul Ball, location: 2F
2-2: Fly out, F9 (Flyball, 9LS, EV 73.8 MPH)
Batting: LHB King Rutledge 0-0: Called Strike
0-1: Foul Ball, location: 2F
0-2: Strikes out swinging
Batting: RHB Silvio Bonauiti 0-0: Ball
1-0: Ball
2-0: Ball
3-0: Base on Balls
Batting: RHB Kieran Hansen 0-0: Foul Ball, location: 2F
0-1: SINGLE (Line Drive, 89M, EV 107.5 MPH)
Silvio Bonauiti to second
Silvio Bonauiti to third
Batting: RHB António Mendoza 0-0: Called Strike
0-1: Ball
1-1: SINGLE (Line Drive, 9LM, EV 96.9 MPH)
Silvio Bonauiti scores
Kieran Hansen to second
Batting: SHB Ben Boston 0-0: Swinging Strike
0-1: SINGLE (Groundball, 5D, EV 96.9 MPH)
Kieran Hansen to third
António Mendoza to second
Runner from 3rd tries for Home, SAFE, throw by LF to home
Batting: LHB José Ocasio 0-0: Swinging Strike
0-1: Swinging Strike
0-2: Foul Ball, location: 2F
0-2: Ground out U3 (Groundball, 3, EV 90.6 MPH)
Bottom of the 5th over - 2 runs, 3 hits, 0 errors, 2 left on base; Toledo 3 - Panama City 3
TOP OF THE 6TH
Toledo Stingers batting - Pitching for Panama City Piranhas : RHP Román Mejía
Batting: RHB Brook Linen 0-0: Called Strike
0-1: Foul Ball, location: 2F
0-2: Foul Ball, location: 2F
0-2: Ball
1-2: Ball
2-2: Ball
3-2: Foul Ball, location: 2F
3-2: SINGLE (Flyball, 7LS, EV 91.2 MPH)
Batting: LHB Dan Hines 0-0: DOUBLE (Line Drive, 7LM, EV 106.9 MPH)
Brook Linen to third
Pitching: RHP Vadim Rajnev
Batting: SHB Adam Clements 0-0: Foul Ball, location: 2F
0-1: Ball
1-1: Swinging Strike
1-2: Foul Ball, location: 2F
1-2: Ball
2-2: Foul Ball, location: 2F
2-2: Strikes out looking
Batting: RHB Sze Qi 0-0: Fly out, F8 (Flyball, 8RS, EV 77.5 MPH)
Batting: LHB Snow Wang 0-0: Called Strike
0-1: Ball
1-1: Ball
2-1: Ball
3-1: Foul Ball, location: 2F
3-2: Fly out, F6 (Popup, 6MD, EV 66.9 MPH)
Top of the 6th over - 0 runs, 2 hits, 0 errors, 2 left on base; Toledo 3 - Panama City 3
BOTTOM OF THE 6TH
Panama City Piranhas batting - Pitching for Toledo Stingers : LHP Jeremy Parker
Batting: RHB Craig Tricket 0-0: Ball
1-0: SINGLE (Groundball, 6MD, EV 98.8 MPH)
Batting: RHB Chrysler Rodriguez 0-0: Ball
1-0: Called Strike
1-1: Grounds into double play, 4-6-3 (Groundball, 4, EV 101.9 MPH)
Batting: RHB Rodney Clancy 0-0: Ball
1-0: Fly out, F8 (Flyball, 8LM, EV 83.1 MPH)
Bottom of the 6th over - 0 runs, 1 hit, 0 errors, 0 left on base; Toledo 3 - Panama City 3
TOP OF THE 7TH
Toledo Stingers batting - Pitching for Panama City Piranhas : RHP Vadim Rajnev
Batting: LHB Joe Clark 0-0: Ball
1-0: Ball
2-0: Ball
3-0: Called Strike
3-1: Base on Balls
Batting: RHB Jesús Morán 0-0: 2-RUN HOME RUN (Flyball, 7D, EV 93.8 MPH), Distance : 353 ft
Batting: RHB Alfredo Martínez 0-0: Called Strike
0-1: Ball
1-1: Foul Ball, location: 2F
1-2: Foul Ball, location: 2F
1-2: Strikes out looking
Batting: LHB Pedro Serano 0-0: Ball
1-0: Called Strike
1-1: Ball
2-1: Foul Ball, location: 2F
2-2: Fly out, F9 (Flyball, 9LS, EV 96.9 MPH)
Batting: RHB Brook Linen 0-0: Ball
1-0: Ball
2-0: Ball
3-0: Called Strike
3-1: Swinging Strike
3-2: Strikes out swinging
Top of the 7th over - 2 runs, 1 hit, 0 errors, 0 left on base; Toledo 5 - Panama City 3
BOTTOM OF THE 7TH
Panama City Piranhas batting - Pitching for Toledo Stingers : LHP Jeremy Parker
Batting: LHB King Rutledge 0-0: Ball
1-0: Ball
2-0: Swinging Strike
2-1: Ball
3-1: SOLO HOME RUN (Flyball, 7LD, EV 107.5 MPH), Distance : 333 ft
Pitching: RHP Marcos Oquendo
Now in LF: Larry Moore
Batting: RHB Silvio Bonauiti 0-0: Ball
1-0: Ball
2-0: Called Strike
2-1: Foul Ball, location: 2F
2-2: Foul Ball, location: 2F
2-2: Ball
3-2: Base on Balls
Batting: RHB Kieran Hansen 0-0: Ball
1-0: Fly out, F4 (Line Drive, 4, EV 70.6 MPH)
Batting: RHB António Mendoza 0-0: Ball
1-0: Called Strike
1-1: Ball
2-1: Ball
3-1: Fly out, F3 (Popup, 3SF, EV 87.5 MPH)
Batting: SHB Ben Boston 0-0: Ball
1-0: Called Strike
1-1: Called Strike
1-2: Ball
2-2: Ground out 4-3 (Groundball, 34, EV 82.5 MPH)
Bottom of the 7th over - 1 run, 1 hit, 0 errors, 1 left on base; Toledo 5 - Panama City 4
TOP OF THE 8TH
Toledo Stingers batting - Pitching for Panama City Piranhas : RHP Vadim Rajnev
Batting: LHB Dan Hines 0-0: Called Strike
0-1: Called Strike
0-2: Ball
1-2: Strikes out swinging
Batting: SHB Adam Clements 0-0: SINGLE (Line Drive, 7LM, EV 98.1 MPH)
Batting: RHB Sze Qi 0-0: Ball
1-0: Foul Ball, location: 2F
1-1: Ball
2-1: Foul Ball, location: 2F
2-2: Ball
3-2: Foul Ball, location: 2F
3-2: Foul Ball, location: 2F
3-2: Foul Ball, location: 2F
3-2: Strikes out looking
Batting: LHB Snow Wang 0-0: Ball
1-0: Ball
2-0: Ball
3-0: Called Strike
3-1: Base on Balls
Adam Clements to second
Batting: LHB Joe Clark 0-0: Ball
1-0: Called Strike
1-1: Ground out U3 (Groundball, 34, EV 88.8 MPH)
Top of the 8th over - 0 runs, 1 hit, 0 errors, 2 left on base; Toledo 5 - Panama City 4
BOTTOM OF THE 8TH
Panama City Piranhas batting - Pitching for Toledo Stingers : RHP Marcos Oquendo
Batting: LHB José Ocasio 0-0: Ball
1-0: Ball
2-0: Called Strike
2-1: Ball
3-1: Fly out, F8 (Flyball, 89S, EV 80.0 MPH)
Batting: RHB Craig Tricket 0-0: Ball
1-0: Ball
2-0: Ground out 4-3 (Groundball, 4, EV 88.8 MPH)
Batting: RHB Chrysler Rodriguez 0-0: Called Strike
0-1: Ball
1-1: Ball
2-1: Ball
3-1: Ground out 4-3 (Groundball, 34, EV 89.4 MPH)
Bottom of the 8th over - 0 runs, 0 hits, 0 errors, 0 left on base; Toledo 5 - Panama City 4
TOP OF THE 9TH
Toledo Stingers batting - Pitching for Panama City Piranhas : RHP Vadim Rajnev
Batting: LHB Larry Moore 0-0: Called Strike
0-1: Foul Ball, location: 2F
0-2: Strikes out swinging
Batting: RHB Alfredo Martínez 0-0: Ball
1-0: Foul Ball, location: 2F
1-1: Foul Ball, location: 2F
1-2: DOUBLE (Line Drive, 7LM, EV 112.5 MPH)
Pitching: RHP Tobías Pérez
Batting: LHB Pedro Serano 0-0: Called Strike
0-1: Ball
1-1: Ball
2-1: Called Strike
2-2: Fly out, F4 (Popup, 4M, EV 58.1 MPH)
Batting: RHB Brook Linen 0-0: Ball
1-0: Ball
2-0: Foul Ball, location: 2F
2-1: Ball
3-1: Called Strike
3-2: Foul Ball, location: 2F
3-2: Ground out 6-3 (Groundball, 6, EV 88.8 MPH)
Top of the 9th over - 0 runs, 1 hit, 0 errors, 1 left on base; Toledo 5 - Panama City 4
BOTTOM OF THE 9TH
Panama City Piranhas batting - Pitching for Toledo Stingers : RHP Marcos Oquendo
Pitching: RHP Austin Aries
Pinch Hitting: RHB Arsenio Laurel 0-0: Ball
1-0: Fly out, F9 (Flyball, 9D, EV 106.2 MPH)
Batting: LHB King Rutledge 0-0: Called Strike
0-1: Swinging Strike
0-2: Ball
1-2: Strikes out swinging
Batting: RHB Silvio Bonauiti 0-0: Called Strike
0-1: Ball
1-1: Swinging Strike
1-2: Ball
2-2: Ball
3-2: SINGLE (Groundball, 34D, EV 101.9 MPH)
Batting: RHB Kieran Hansen 0-0: Ball
Silvio Bonauiti is caught stealing 2nd base 2-4
Bottom of the 9th over - 0 runs, 1 hit, 0 errors, 0 left on base; Toledo 5 - Panama City 4
Wednesday, July 8th, 2020 - OOTP Baseball 20.8 Build 74